 Dungeon Crawl Stone Soup version 0.31-a0-557-g6e16503903 (webtiles) character file.

Game seed: 10328181700450612045

7 Ofeo the Vexing (level 1, -1/16 HPs)
             Began as a Draconian Hexslinger on Aug 16, 2023.
             Slain by a gnoll
             ... wielding a +2 whip of electrocution
              (7 damage)
             ... on level 1 of the Dungeon.
             The game lasted 00:00:19 (368 turns).

Ofeo the Vexing (Draconian Hexslinger)               Turns: 368, Time: 00:00:20

Health: -1/16      AC:  5    Str: 10    XL:     1   Next: 91%
Magic:  0/2        EV: 12    Int: 13    God:
Gold:   29         SH:  0    Dex: 13    Spells: 1/2 levels left

rFire   . . .        a - +1 sling
rCold   . . .        (no shield)
rNeg    . . .        (body armour unavailable)
rPois   .            (helmet restricted)
rElec   .            (no cloak)
rCorr   .            d - +0 pair of gloves
SInv    .            (no boots)
Will    .....        (no amulet)
Stlth   +            (no ring)
HPRegen 0.22/turn    (no ring)
MPRegen 0.08/turn

%: no passive effects
@: no status effects
A: AC +4, unfitting armour, cold-blooded
a: no special abilities


You were on level 1 of the Dungeon.
You visited 1 branch of the dungeon, and saw 1 of its levels.

You collected 29 gold pieces.

Inventory:

Hand Weapons
 a - a +1 sling (weapon)
Armour
 d - a +0 pair of gloves (worn)
Scrolls
 b - a scroll of poison
 e - a scroll of blinking {unknown}
Potions
 c - a potion of attraction {unknown}
 f - a potion of haste {unknown}


   Skills:
 + Level 1.3 Fighting
 + Level 1.9 Ranged Weapons
 + Level 1.9 Dodging
 + Level 1.1 Spellcasting
 + Level 2.8 Hexes


You had one spell level left.
You knew the following spells:

 Your Spells              Type           Power      Damage    Failure   Level
a - Slow                  Hex            32%        N/A       9%          1

Your spell library contained the following spells:

 Spells                   Type           Power      Damage    Failure   Level
 Inner Flame              Hex/Fire       4%         N/A       43%         3
 Portal Projectile        Hex/Tloc       8%         N/A       43%         3
 Cause Fear               Hex            4%         N/A       65%         4


Dungeon Overview and Level Annotations

Branches:
Dungeon (1/15)

Altars:


Innate Abilities, Weirdness & Mutations

Your plain brown scales are hard. (AC +4)
You cannot fit into any form of body armour.
You are cold-blooded and may be slowed by cold attacks.


Message History

A ball python is nearby!
You shoot a sling bullet. The sling bullet hits the ball python!
You kill the ball python!
No target in view!
A quokka comes into view.
You shoot a sling bullet. The sling bullet misses the quokka.
You shoot a sling bullet. The sling bullet hits the quokka.
The quokka is moderately wounded.
A quokka is nearby!
You shoot a sling bullet. The sling bullet hits the quokka.
You kill the quokka!
A gnoll comes into view.
It is wielding a +2 whip of electrocution.
You shoot a sling bullet. The sling bullet hits the gnoll.
The gnoll shouts!
The gnoll is lightly wounded.
A gnoll is nearby!
You shoot a sling bullet. The sling bullet hits the gnoll.
The gnoll is moderately wounded.
The gnoll closely misses you.
A gnoll is nearby!
You shoot a sling bullet. The sling bullet hits the gnoll.
The gnoll is almost dead.
The gnoll hits you with a +2 whip of electrocution.
You take 3 damage, and have 13/16 hp.
You shoot a sling bullet. The sling bullet hits the gnoll.
The gnoll is almost dead.
The gnoll closely misses you.
Aiming: Slow (safe; 9% risk of failure)
Press: ? - help, Q - select action, (/) - cycle Shift-Dir - straight line, f/p - gnoll
Aim: a gnoll, wielding a +2 whip of electrocution (almost dead, chance to affect: 50%)
The gnoll resists with some effort.
The gnoll hits you with a +2 whip of electrocution!
Ouch! That really hurt!
You take 8 damage, and have 6/16 hp.
MASSIVE DAMAGE!!
You now have 1/2 mp.
Aiming: Slow (safe; 9% risk of failure)
Press: ? - help, Q - select action, (/) - cycle Shift-Dir - straight line, f/p - gnoll
Aim: a gnoll, wielding a +2 whip of electrocution (almost dead, chance to affect: 50%)
The gnoll resists with some effort.
The gnoll hits you with a +2 whip of electrocution!
You die...

#.#....#
....####
#.#....# ..
#.#....#
#.##.#.#
#......#
####.###...
#.........#
#.#.##.#.##
#@#... ..
......g.####.###
.######.# # #♣.
. #♣


You could see a gnoll.

Vanquished Creatures
  A dart slug (D:1)
  A ball python (D:1)
  2 quokkas (D:1)
  A rat (D:1)
5 creatures vanquished.

Notes
Turn   | Place    | Note
-------+----------+-------------------------------------------
     0 | D:1      | Ofeo the Draconian Hexslinger began the quest for the Orb.
     0 | D:1      | Reached XP level 1. HP: 16/16 MP: 2/2
   368 | D:1      | Slain by a gnoll

Illustrated notes

Levels and vault maps discovered:
D:1:      psy_arrival_fountain, layout_loops_cross, serial_forest,
          infiniplex_forest_lined_2, infiniplex_forest_lined_2,
          infiniplex_forest_clump_small, infiniplex_forest_end_2,
          infiniplex_forest_end_3, infiniplex_forest_lined_2,
          infiniplex_forest_corner_1, infiniplex_forest_lined_2,
          infiniplex_forest_lined_3, infiniplex_forest_clump_tiny,
          grunt_decor_resistance

Action                     || total
---------------------------++-------
   Fire: Sling             ||    18
   Cast: Slow              ||     2
 Armour: Skin              ||     2
  Dodge: Dodged            ||     6

Table legend: (Time is in decaauts)
 A = Elapsed time spent in this place.
 B = Non-inter-level travel time spent in this place.
 C = Inter-level travel time spent in this place.
 D = Time resting spent in this place.
 E = Time spent auto-exploring this place.
 F = Levels seen in this place.
 G = Mean time per level.
                   A        B        C        D        E       F      G
               +--------+--------+--------+--------+--------+-----+--------+
         Total |    373 |    373 |      0 |      0 |    327 |   1 |  373.0 |
       Dungeon |    373 |    373 |      0 |      0 |    327 |   1 |  373.0 |
               +--------+--------+--------+--------+--------+-----+--------+

Top non-repeatable levels by time:
     D:1: 373 daAuts
